 Dungeon Crawl Stone Soup version 0.24.0-41-g2ae2f7f1be (webtiles) character file.

Game seed: 1069787352363885047, levelgen mode: deterministic

17 Gwanngwann the Grave Robber (level 2, 0/20 HPs)
             Began as a Ghoul Necromancer on Dec 13, 2019.
             Slain by a goblin
             ... wielding a +0 dagger
              (1 damage)
             ... on level 1 of the Dungeon.
             The game lasted 00:03:13 (377 turns).

Gwanngwann the Grave Robber (Ghoul Necromancer)      Turns: 377, Time: 00:03:14

Health: 0/20       AC:  9    Str: 11    XL:     2   Next: 62%
Magic:  3/3        EV: 12    Int: 10    God:
Gold:   19         SH:  0    Dex:  9    Spells: 3/4 levels left

rFire    . . .     SeeInvis .   f - +2 mace (protect)
rCold    + . .     Gourm    .   (no shield)
rNeg     + + +     Faith    .   a - +0 robe
rPois    ∞         Spirit   .   (no helmet)
rElec    .         Reflect  .   (no cloak)
rCorr    .         Harm     .   (no gloves)
MR       .....                  (no boots)
Stlth    ++........             (no amulet)
HPRegen  0.00/turn              (no ring)
MPRegen  0.08/turn              (no ring)

@: protection aura, rotting
A: rotting body, claws 1, carnivore, cold resistance 1, negative energy
resistance 3, inhibited regeneration, torment resistance, unbreathing
a: no special abilities


You were on level 1 of the Dungeon.
You were not hungry.

You visited 1 branch of the dungeon, and saw 1 of its levels.

You collected 19 gold pieces.

Inventory:

Hand Weapons
 f - a +2 mace of protection (weapon)
Missiles
 d - 39 arrows
Armour
 a - a +0 robe (worn)
Scrolls
 b - 2 scrolls of identify {unknown}
 i - a scroll of random uselessness {unknown}
Potions
 e - a potion of agility {unknown}
 h - a potion of brilliance {unknown}
 j - a potion of flight {unknown}
Comestibles
 c - a ration
 g - 3 chunks of flesh


   Skills:
 + Level 0.1 Maces & Flails
 + Level 2.1 Dodging
 + Level 2.3 Stealth
 + Level 0.2 Unarmed Combat
 + Level 1.8 Spellcasting
 + Level 4.3 Necromancy


You had 3 spell levels left.
You knew the following spells:

 Your Spells              Type           Power        Failure   Level  Hunger
a - Pain                  Necr           #...         5%          1    ##.....

Your spell library contained the following spells:

 Spells                   Type           Power        Failure   Level  Hunger
 Animate Skeleton         Necr           N/A          5%          1    ##.....
 Vampiric Draining        Necr           #.........   16%         3    ####...
 Regeneration             Chrm/Necr      #.........   36%         3    ####...
 Animate Dead             Necr           N/A          47%         4    #####..


Dungeon Overview and Level Annotations

Branches:
Dungeon (1/15)

Altars:


Innate Abilities, Weirdness & Mutations

Your body is rotting away.
You thrive on raw meat.
You are immune to poison.
You have sharp fingernails.
You are carnivorous and can eat meat at any time.
Your flesh is cold resistant. (rC+)
You are immune to negative energy. (rN+++)
You do not regenerate when monsters are visible.
You are immune to unholy pain and torment.
You can survive without breathing.


Message History

The jackal misses you.
You barely miss the jackal.
The jackal is heavily wounded.
The jackal misses you. The goblin closely misses you.
The jackal bites you but does no damage. x2
You hit the jackal.
You kill the jackal!
The goblin hits you but does no damage. The jackal completely misses you.
The goblin hits you with a +0 dagger.
* * * LOW HITPOINT WARNING * * *
You hit the kobold.
You kill the kobold!
The jackal bites you but does no damage.
The jackal barely misses you. The goblin misses you.
The jackal closely misses you. The goblin hits you but does no damage.
The jackal bites you but does no damage.
Things that are here:
a kobold corpse; a jackal corpse The goblin hits you with a +0 dagger.
You die...

.......#
...#.#......####.##.#
.......##.###.#.######
#.#..# .......##.##....#
#.#>## >..........#.#.##
..#. ........##...#.#
.##.
.###.##.......%########..
.# #...§.........†......
.###...........h†g......
##≈≈≈≈≈≈§≈≈≈...#@.......
#≈8≈≈≈§§≈8≈#..#........
#≈≈8≈≈§§8≈≈##..........
#≈§≈#''#≈≈≈##...%......
##≈§≈#..#≈≈§###..#####.#
.§§≈≈#<.#≈≈≈# ##.# .#
##≈≈≈####≈≈≈# #.#
#≈≈8≈≈≈≈8≈≈# #.#
#≈8≈≈≈≈≈≈8≈#


You could see a jackal and a goblin.

Vanquished Creatures
  A giant cockroach (D:1)
  3 goblins (D:1)
  2 hobgoblins (D:1)
  A jackal (D:1)
  2 kobolds (D:1)
  2 bats (D:1)
  3 frilled lizards (D:1)
  3 rats (D:1)
17 creatures vanquished.

Notes
Turn   | Place    | Note
-------+----------+-------------------------------------------
     0 | D:1      | Gwanngwann the Ghoul Necromancer began the quest for the
                  | Orb.
     0 | D:1      | Reached XP level 1. HP: 14/14 MP: 2/2
   165 | D:1      | Reached XP level 2. HP: 18/20 MP: 3/3
   374 | D:1      | HP: 1/20 [goblin/+0 dagger (3)]
   377 | D:1      | Slain by a goblin

Levels and vault maps discovered:
D:1:      lightli_arrival_boilingwater, layout_rooms, hangedman_decor_opposing

Skill      XL: |  1  2 |
---------------+-------+-----
Dodging        | 2 |  2.1
Maces & Flails | |  0.1
Stealth        | |  2.3
Unarmed Combat | |  0.2
Spellcasting   | |  1.8
Necromancy     | |  4.3

Action                   || total
-------------------------++-------
Melee: Unarmed           ||    23
       Mace              ||    34
 Cast: Pain              ||     3
  Eat: Chunk             ||     2
Armor: Robe              ||    26
Dodge: Dodged            ||    59
